Workbook

Sheet Sales
A1: As per Books
A2: Type of Sale | B2: April | F2: May | J2: June | N2: July | R2: August | V2: September | Z2: October | AD2: November | AH2: December | AL2: January | AP2: February | AT2: March | AX2: Total
B3: GST Net Sales | C3: IGST | D3: CGST | E3: SGST | F3: GST Net Sales | G3: IGST | H3: CGST | I3: SGST | J3: GST Net Sales | K3: IGST | L3: CGST | M3: SGST | N3: GST Net Sales | O3: IGST | P3: CGST | Q3: SGST | R3: GST Net Sales | S3: IGST | T3: CGST | U3: SGST | V3: GST Net Sales | W3: IGST | X3: CGST | Y3: SGST | Z3: GST Net Sales | AA3: IGST | AB3: CGST | AC3: SGST | AD3: GST Net Sales | AE3: IGST | AF3: CGST | AG3: SGST | AH3: GST Net Sales | AI3: IGST | AJ3: CGST | AK3: SGST | AL3: GST Net Sales | AM3: IGST | AN3: CGST | AO3: SGST | AP3: GST Net Sales | AQ3: IGST | AR3: CGST | AS3: SGST | AT3: GST Net Sales | AU3: IGST | AV3: CGST | AW3: SGST | AX3: GST Net Sales | AY3: IGST | AZ3: CGST | BA3: SGST
A4: Local - 5% | D4: =ROUND(B4*2.5%,0) -> 0 | E4: =ROUND(B4*2.5%,0) -> 0 | H4: =ROUND(F4*2.5%,0) -> 0 | I4: =ROUND(F4*2.5%,0) -> 0 | L4: =ROUND(J4*2.5%,0) -> 0 | M4: =ROUND(J4*2.5%,0) -> 0 | P4: =ROUND(N4*2.5%,0) -> 0 | Q4: =ROUND(N4*2.5%,0) -> 0 | T4: =ROUND(R4*2.5%,0) -> 0 | U4: =ROUND(R4*2.5%,0) -> 0 | X4: =ROUND(V4*2.5%,0) -> 0 | Y4: =ROUND(V4*2.5%,0) -> 0 | AB4: =ROUND(Z4*2.5%,0) -> 0 | AC4: =ROUND(Z4*2.5%,0) -> 0 | AF4: =ROUND(AD4*2.5%,0) -> 0 | AG4: =ROUND(AD4*2.5%,0) -> 0 | AJ4: =ROUND(AH4*2.5%,0) -> 0 | AK4: =ROUND(AH4*2.5%,0) -> 0 | AN4: =ROUND(AL4*2.5%,0) -> 0 | AO4: =ROUND(AL4*2.5%,0) -> 0 | AR4: =ROUND(AP4*2.5%,0) -> 0 | AS4: =ROUND(AP4*2.5%,0) -> 0 | AV4: =ROUND(AT4*2.5%,0) -> 0 | AW4: =ROUND(AT4*2.5%,0) -> 0 | AX4: =B4+F4+J4+N4+R4+V4+Z4+AD4+AH4+AL4+AP4+AT4 -> 0 | AZ4: =D4+H4+L4+P4+T4+X4+AB4+AF4+AJ4+AN4+AR4+AV4 -> 0 | BA4: =E4+I4+M4+Q4+U4+Y4+AC4+AG4+AK4+AO4+AS4+AW4 -> 0
A5: Local - 12% | D5: =ROUND(B5*6%,0) -> 0 | E5: =ROUND(B5*6%,0) -> 0 | H5: =ROUND(F5*6%,0) -> 0 | I5: =ROUND(F5*6%,0) -> 0 | L5: =ROUND(J5*6%,0) -> 0 | M5: =ROUND(J5*6%,0) -> 0 | P5: =ROUND(N5*6%,0) -> 0 | Q5: =ROUND(N5*6%,0) -> 0 | T5: =ROUND(R5*6%,0) -> 0 | U5: =ROUND(R5*6%,0) -> 0 | X5: =ROUND(V5*6%,0) -> 0 | Y5: =ROUND(V5*6%,0) -> 0 | AB5: =ROUND(Z5*6%,0) -> 0 | AC5: =ROUND(Z5*6%,0) -> 0 | AF5: =ROUND(AD5*6%,0) -> 0 | AG5: =ROUND(AD5*6%,0) -> 0 | AJ5: =ROUND(AH5*6%,0) -> 0 | AK5: =ROUND(AH5*6%,0) -> 0 | AN5: =ROUND(AL5*6%,0) -> 0 | AO5: =ROUND(AL5*6%,0) -> 0 | AR5: =ROUND(AP5*6%,0) -> 0 | AS5: =ROUND(AP5*6%,0) -> 0 | AV5: =ROUND(AT5*6%,0) -> 0 | AW5: =ROUND(AT5*6%,0) -> 0 | AX5: =B5+F5+J5+N5+R5+V5+Z5+AD5+AH5+AL5+AP5+AT5 -> 0 | AZ5: =D5+H5+L5+P5+T5+X5+AB5+AF5+AJ5+AN5+AR5+AV5 -> 0 | BA5: =E5+I5+M5+Q5+U5+Y5+AC5+AG5+AK5+AO5+AS5+AW5 -> 0
A6: Local - 18% | D6: =ROUND(B6*9%,0) -> 0 | E6: =ROUND(B6*9%,0) -> 0 | H6: =ROUND(F6*9%,0) -> 0 | I6: =ROUND(F6*9%,0) -> 0 | L6: =ROUND(J6*9%,0) -> 0 | M6: =ROUND(J6*9%,0) -> 0 | P6: =ROUND(N6*9%,0) -> 0 | Q6: =ROUND(N6*9%,0) -> 0 | T6: =ROUND(R6*9%,0) -> 0 | U6: =ROUND(R6*9%,0) -> 0 | X6: =ROUND(V6*9%,0) -> 0 | Y6: =ROUND(V6*9%,0) -> 0 | AB6: =ROUND(Z6*9%,0) -> 0 | AC6: =ROUND(Z6*9%,0) -> 0 | AF6: =ROUND(AD6*9%,0) -> 0 | AG6: =ROUND(AD6*9%,0) -> 0 | AJ6: =ROUND(AH6*9%,0) -> 0 | AK6: =ROUND(AH6*9%,0) -> 0 | AN6: =ROUND(AL6*9%,0) -> 0 | AO6: =ROUND(AL6*9%,0) -> 0 | AR6: =ROUND(AP6*9%,0) -> 0 | AS6: =ROUND(AP6*9%,0) -> 0 | AV6: =ROUND(AT6*9%,0) -> 0 | AW6: =ROUND(AT6*9%,0) -> 0 | AX6: =B6+F6+J6+N6+R6+V6+Z6+AD6+AH6+AL6+AP6+AT6 -> 0 | AZ6: =D6+H6+L6+P6+T6+X6+AB6+AF6+AJ6+AN6+AR6+AV6 -> 0 | BA6: =E6+I6+M6+Q6+U6+Y6+AC6+AG6+AK6+AO6+AS6+AW6 -> 0
A7: Local - 28% | D7: =ROUND(B7*14%,0) -> 0 | E7: =ROUND(B7*14%,0) -> 0 | H7: =ROUND(F7*14%,0) -> 0 | I7: =ROUND(F7*14%,0) -> 0 | L7: =ROUND(J7*14%,0) -> 0 | M7: =ROUND(J7*14%,0) -> 0 | P7: =ROUND(N7*14%,0) -> 0 | Q7: =ROUND(N7*14%,0) -> 0 | T7: =ROUND(R7*14%,0) -> 0 | U7: =ROUND(R7*14%,0) -> 0 | X7: =ROUND(V7*14%,0) -> 0 | Y7: =ROUND(V7*14%,0) -> 0 | AB7: =ROUND(Z7*14%,0) -> 0 | AC7: =ROUND(Z7*14%,0) -> 0 | AF7: =ROUND(AD7*14%,0) -> 0 | AG7: =ROUND(AD7*14%,0) -> 0 | AJ7: =ROUND(AH7*14%,0) -> 0 | AK7: =ROUND(AH7*14%,0) -> 0 | AN7: =ROUND(AL7*14%,0) -> 0 | AO7: =ROUND(AL7*14%,0) -> 0 | AR7: =ROUND(AP7*14%,0) -> 0 | AS7: =ROUND(AP7*14%,0) -> 0 | AV7: =ROUND(AT7*14%,0) -> 0 | AW7: =ROUND(AT7*14%,0) -> 0 | AX7: =B7+F7+J7+N7+R7+V7+Z7+AD7+AH7+AL7+AP7+AT7 -> 0 | AZ7: =D7+H7+L7+P7+T7+X7+AB7+AF7+AJ7+AN7+AR7+AV7 -> 0 | BA7: =E7+I7+M7+Q7+U7+Y7+AC7+AG7+AK7+AO7+AS7+AW7 -> 0
A8: Interstate - 5% | C8: =ROUND(B8*5%,0) -> 0 | G8: =ROUND(F8*5%,0) -> 0 | K8: =ROUND(J8*5%,0) -> 0 | O8: =ROUND(N8*5%,0) -> 0 | S8: =ROUND(R8*5%,0) -> 0 | W8: =ROUND(V8*5%,0) -> 0 | AA8: =ROUND(Z8*5%,0) -> 0 | AE8: =ROUND(AD8*5%,0) -> 0 | AI8: =ROUND(AH8*5%,0) -> 0 | AM8: =ROUND(AL8*5%,0) -> 0 | AQ8: =ROUND(AP8*5%,0) -> 0 | AU8: =ROUND(AT8*5%,0) -> 0 | AX8: =B8+F8+J8+N8+R8+V8+Z8+AD8+AH8+AL8+AP8+AT8 -> 0 | AY8: =C8+G8+K8+O8+S8+W8+AA8+AE8+AI8+AM8+AQ8+AU8 -> 0
A9: Interstate - 12% | C9: =ROUND(B9*12%,0) -> 0 | G9: =ROUND(F9*12%,0) -> 0 | K9: =ROUND(J9*12%,0) -> 0 | O9: =ROUND(N9*12%,0) -> 0 | S9: =ROUND(R9*12%,0) -> 0 | W9: =ROUND(V9*12%,0) -> 0 | AA9: =ROUND(Z9*12%,0) -> 0 | AE9: =ROUND(AD9*12%,0) -> 0 | AI9: =ROUND(AH9*12%,0) -> 0 | AM9: =ROUND(AL9*12%,0) -> 0 | AQ9: =ROUND(AP9*12%,0) -> 0 | AU9: =ROUND(AT9*12%,0) -> 0 | AX9: =B9+F9+J9+N9+R9+V9+Z9+AD9+AH9+AL9+AP9+AT9 -> 0 | AY9: =C9+G9+K9+O9+S9+W9+AA9+AE9+AI9+AM9+AQ9+AU9 -> 0
A10: Interstate - 18% | C10: =ROUND(B10*18%,0) -> 0 | G10: =ROUND(F10*18%,0) -> 0 | K10: =ROUND(J10*18%,0) -> 0 | O10: =ROUND(N10*18%,0) -> 0 | S10: =ROUND(R10*18%,0) -> 0 | W10: =ROUND(V10*18%,0) -> 0 | AA10: =ROUND(Z10*18%,0) -> 0 | AE10: =ROUND(AD10*18%,0) -> 0 | AI10: =ROUND(AH10*18%,0) -> 0 | AM10: =ROUND(AL10*18%,0) -> 0 | AQ10: =ROUND(AP10*18%,0) -> 0 | AU10: =ROUND(AT10*18%,0) -> 0 | AX10: =B10+F10+J10+N10+R10+V10+Z10+AD10+AH10+AL10+AP10+AT10 -> 0 | AY10: =C10+G10+K10+O10+S10+W10+AA10+AE10+AI10+AM10+AQ10+AU10 -> 0
A11: Interstate - 28% | C11: =ROUND(B11*28%,0) -> 0 | G11: =ROUND(F11*28%,0) -> 0 | K11: =ROUND(J11*28%,0) -> 0 | O11: =ROUND(N11*28%,0) -> 0 | S11: =ROUND(R11*28%,0) -> 0 | W11: =ROUND(V11*28%,0) -> 0 | AA11: =ROUND(Z11*28%,0) -> 0 | AE11: =ROUND(AD11*28%,0) -> 0 | AI11: =ROUND(AH11*28%,0) -> 0 | AM11: =ROUND(AL11*28%,0) -> 0 | AQ11: =ROUND(AP11*28%,0) -> 0 | AU11: =ROUND(AT11*28%,0) -> 0 | AX11: =B11+F11+J11+N11+R11+V11+Z11+AD11+AH11+AL11+AP11+AT11 -> 0 | AY11: =C11+G11+K11+O11+S11+W11+AA11+AE11+AI11+AM11+AQ11+AU11 -> 0
A12: Interstate (URD,Composition)
A13: Export with GST | AX13: =B13+F13+J13+N13+R13+V13+Z13+AD13+AH13+AL13+AP13+AT13 -> 0 | AY13: =C13+G13+K13+O13+S13+W13+AA13+AE13+AI13+AM13+AQ13+AU13 -> 0
A14: SEZ with GST | AX14: =B14+F14+J14+N14+R14+V14+Z14+AD14+AH14+AL14+AP14+AT14 -> 0 | AY14: =C14+G14+K14+O14+S14+W14+AA14+AE14+AI14+AM14+AQ14+AU14 -> 0
A15: Exempted | AX15: =B15+F15+J15+N15+R15+V15+Z15+AD15+AH15+AL15+AP15+AT15 -> 0
A16: Export | AX16: =B16+F16+J16+N16+R16+V16+Z16+AD16+AH16+AL16+AP16+AT16 -> 0
A17: SEZ | AX17: =B17+F17+J17+N17+R17+V17+Z17+AD17+AH17+AL17+AP17+AT17 -> 0
A18: Non GST | AX18: =B18+F18+J18+N18+R18+V18+Z18+AD18+AH18+AL18+AP18+AT18 -> 0
A19: Nill Rated | AX19: =B19+F19+J19+N19+R19+V19+Z19+AD19+AH19+AL19+AP19+AT19 -> 0
A20: Zero Rated | AX20: =B20+F20+J20+N20+R20+V20+Z20+AD20+AH20+AL20+AP20+AT20 -> 0
A21: Advances - 5% | D21: =ROUND(B21*2.5%,0) -> 0 | E21: =ROUND(B21*2.5%,0) -> 0 | H21: =ROUND(F21*2.5%,0) -> 0 | I21: =ROUND(F21*2.5%,0) -> 0 | L21: =ROUND(J21*2.5%,0) -> 0 | M21: =ROUND(J21*2.5%,0) -> 0 | P21: =ROUND(N21*2.5%,0) -> 0 | Q21: =ROUND(N21*2.5%,0) -> 0 | T21: =ROUND(R21*2.5%,0) -> 0 | U21: =ROUND(R21*2.5%,0) -> 0 | X21: =ROUND(V21*2.5%,0) -> 0 | Y21: =ROUND(V21*2.5%,0) -> 0 | AB21: =ROUND(Z21*2.5%,0) -> 0 | AC21: =ROUND(Z21*2.5%,0) -> 0 | AF21: =ROUND(AD21*2.5%,0) -> 0 | AG21: =ROUND(AD21*2.5%,0) -> 0 | AJ21: =ROUND(AH21*2.5%,0) -> 0 | AK21: =ROUND(AH21*2.5%,0) -> 0 | AN21: =ROUND(AL21*2.5%,0) -> 0 | AO21: =ROUND(AL21*2.5%,0) -> 0 | AR21: =ROUND(AP21*2.5%,0) -> 0 | AS21: =ROUND(AP21*2.5%,0) -> 0 | AV21: =ROUND(AT21*2.5%,0) -> 0 | AW21: =ROUND(AT21*2.5%,0) -> 0 | AX21: =B21+F21+J21+N21+R21+V21+Z21+AD21+AH21+AL21+AP21+AT21 -> 0 | AY21: =C21+G21+K21+O21+S21+W21+AA21+AE21+AI21+AM21+AQ21+AU21 -> 0 | AZ21: =D21+H21+L21+P21+T21+X21+AB21+AF21+AJ21+AN21+AR21+AV21 -> 0 | BA21: =E21+I21+M21+Q21+U21+Y21+AC21+AG21+AK21+AO21+AS21+AW21 -> 0
A22: Advances - 12% | D22: =ROUND(B22*6%,0) -> 0 | E22: =ROUND(B22*6%,0) -> 0 | H22: =ROUND(F22*6%,0) -> 0 | I22: =ROUND(F22*6%,0) -> 0 | L22: =ROUND(J22*6%,0) -> 0 | M22: =ROUND(J22*6%,0) -> 0 | P22: =ROUND(N22*6%,0) -> 0 | Q22: =ROUND(N22*6%,0) -> 0 | T22: =ROUND(R22*6%,0) -> 0 | U22: =ROUND(R22*6%,0) -> 0 | X22: =ROUND(V22*6%,0) -> 0 | Y22: =ROUND(V22*6%,0) -> 0 | AB22: =ROUND(Z22*6%,0) -> 0 | AC22: =ROUND(Z22*6%,0) -> 0 | AF22: =ROUND(AD22*6%,0) -> 0 | AG22: =ROUND(AD22*6%,0) -> 0 | AJ22: =ROUND(AH22*6%,0) -> 0 | AK22: =ROUND(AH22*6%,0) -> 0 | AN22: =ROUND(AL22*6%,0) -> 0 | AO22: =ROUND(AL22*6%,0) -> 0 | AR22: =ROUND(AP22*6%,0) -> 0 | AS22: =ROUND(AP22*6%,0) -> 0 | AV22: =ROUND(AT22*6%,0) -> 0 | AW22: =ROUND(AT22*6%,0) -> 0 | AX22: =B22+F22+J22+N22+R22+V22+Z22+AD22+AH22+AL22+AP22+AT22 -> 0 | AY22: =C22+G22+K22+O22+S22+W22+AA22+AE22+AI22+AM22+AQ22+AU22 -> 0 | AZ22: =D22+H22+L22+P22+T22+X22+AB22+AF22+AJ22+AN22+AR22+AV22 -> 0 | BA22: =E22+I22+M22+Q22+U22+Y22+AC22+AG22+AK22+AO22+AS22+AW22 -> 0
A23: Advances - 18% | D23: =ROUND(B23*9%,0) -> 0 | E23: =ROUND(B23*9%,0) -> 0 | H23: =ROUND(F23*9%,0) -> 0 | I23: =ROUND(F23*9%,0) -> 0 | L23: =ROUND(J23*9%,0) -> 0 | M23: =ROUND(J23*9%,0) -> 0 | P23: =ROUND(N23*9%,0) -> 0 | Q23: =ROUND(N23*9%,0) -> 0 | T23: =ROUND(R23*9%,0) -> 0 | U23: =ROUND(R23*9%,0) -> 0 | X23: =ROUND(V23*9%,0) -> 0 | Y23: =ROUND(V23*9%,0) -> 0 | AB23: =ROUND(Z23*9%,0) -> 0 | AC23: =ROUND(Z23*9%,0) -> 0 | AF23: =ROUND(AD23*9%,0) -> 0 | AG23: =ROUND(AD23*9%,0) -> 0 | AJ23: =ROUND(AH23*9%,0) -> 0 | AK23: =ROUND(AH23*9%,0) -> 0 | AN23: =ROUND(AL23*9%,0) -> 0 | AO23: =ROUND(AL23*9%,0) -> 0 | AR23: =ROUND(AP23*9%,0) -> 0 | AS23: =ROUND(AP23*9%,0) -> 0 | AV23: =ROUND(AT23*9%,0) -> 0 | AW23: =ROUND(AT23*9%,0) -> 0 | AX23: =B23+F23+J23+N23+R23+V23+Z23+AD23+AH23+AL23+AP23+AT23 -> 0 | AY23: =C23+G23+K23+O23+S23+W23+AA23+AE23+AI23+AM23+AQ23+AU23 -> 0 | AZ23: =D23+H23+L23+P23+T23+X23+AB23+AF23+AJ23+AN23+AR23+AV23 -> 0 | BA23: =E23+I23+M23+Q23+U23+Y23+AC23+AG23+AK23+AO23+AS23+AW23 -> 0
A24: Advances - 28% | C24: 0 | D24: =ROUND(B24*14%,0) -> 0 | E24: =ROUND(B24*14%,0) -> 0 | G24: 0 | H24: =ROUND(F24*14%,0) -> 0 | I24: =ROUND(F24*14%,0) -> 0 | K24: 0 | L24: =ROUND(J24*14%,0) -> 0 | M24: =ROUND(J24*14%,0) -> 0 | O24: 0 | P24: =ROUND(N24*14%,0) -> 0 | Q24: =ROUND(N24*14%,0) -> 0 | S24: 0 | T24: =ROUND(R24*14%,0) -> 0 | U24: =ROUND(R24*14%,0) -> 0 | W24: 0 | X24: =ROUND(V24*14%,0) -> 0 | Y24: =ROUND(V24*14%,0) -> 0 | AA24: 0 | AB24: =ROUND(Z24*14%,0) -> 0 | AC24: =ROUND(Z24*14%,0) -> 0 | AE24: 0 | AF24: =ROUND(AD24*14%,0) -> 0 | AG24: =ROUND(AD24*14%,0) -> 0 | AI24: 0 | AJ24: =ROUND(AH24*14%,0) -> 0 | AK24: =ROUND(AH24*14%,0) -> 0 | AM24: 0 | AN24: =ROUND(AL24*14%,0) -> 0 | AO24: =ROUND(AL24*14%,0) -> 0 | AQ24: 0 | AR24: =ROUND(AP24*14%,0) -> 0 | AS24: =ROUND(AP24*14%,0) -> 0 | AU24: 0 | AV24: =ROUND(AT24*14%,0) -> 0 | AW24: =ROUND(AT24*14%,0) -> 0 | AX24: =B24+F24+J24+N24+R24+V24+Z24+AD24+AH24+AL24+AP24+AT24 -> 0 | AY24: =C24+G24+K24+O24+S24+W24+AA24+AE24+AI24+AM24+AQ24+AU24 -> 0 | AZ24: =D24+H24+L24+P24+T24+X24+AB24+AF24+AJ24+AN24+AR24+AV24 -> 0 | BA24: =E24+I24+M24+Q24+U24+Y24+AC24+AG24+AK24+AO24+AS24+AW24 -> 0
A25: Last Month Advances | S25: =-O24 -> 0 | T25: =-P24 -> 0 | U25: =-Q24 -> 0 | W25: =-S24 -> 0 | X25: =-T24 -> 0 | Y25: =-U24 -> 0 | AA25: =-W24 -> 0 | AB25: =-X24 -> 0 | AC25: =-Y24 -> 0 | AE25: =-AA24 -> 0 | AF25: =-AB24 -> 0 | AG25: =-AC24 -> 0 | AI25: =-AE24 -> 0 | AJ25: =-AF24 -> 0 | AK25: =-AG24 -> 0 | AM25: =-AI24 -> 0 | AN25: =-AJ24 -> 0 | AO25: =-AK24 -> 0 | AQ25: =-AM24 -> 0 | AR25: =-AN24 -> 0 | AS25: =-AO24 -> 0 | AU25: =-AQ24 -> 0 | AV25: =-AR24 -> 0 | AW25: =-AS24 -> 0 | AX25: =B25+F25+J25+N25+R25+V25+Z25+AD25+AH25+AL25+AP25+AT25 -> 0 | AY25: =C25+G25+K25+O25+S25+W25+AA25+AE25+AI25+AM25+AQ25+AU25 -> 0 | AZ25: =D25+H25+L25+P25+T25+X25+AB25+AF25+AJ25+AN25+AR25+AV25 -> 0 | BA25: =E25+I25+M25+Q25+U25+Y25+AC25+AG25+AK25+AO25+AS25+AW25 -> 0
A26: Total | B26: =SUM(B4:B25) -> 0 | C26: =SUM(C4:C25) -> 0 | D26: =SUM(D4:D25) -> 0 | E26: =SUM(E4:E25) -> 0 | F26: =SUM(F4:F25) -> 0 | G26: =SUM(G4:G25) -> 0 | H26: =SUM(H4:H25) -> 0 | I26: =SUM(I4:I25) -> 0 | ... BA26: =SUM(BA4:BA25) -> 0
A28: AS Per Return 3B
A29: 3.1 Nature of Supplies | B29: April | F29: May | J29: June | N29: July | R29: August | V29: September | Z29: October | AD29: November | AH29: December | AL29: January | AP29: February | AT29: March | AX29: Total
B30: GST Net Sales | C30: IGST | D30: CGST | E30: SGST | F30: GST Net Sales | G30: IGST | H30: CGST | I30: SGST | J30: GST Net Sales | K30: IGST | L30: CGST | M30: SGST | N30: GST Net Sales | O30: IGST | P30: CGST | Q30: SGST | R30: GST Net Sales | S30: IGST | T30: CGST | U30: SGST | V30: GST Net Sales | W30: IGST | X30: CGST | Y30: SGST | Z30: GST Net Sales | AA30: IGST | AB30: CGST | AC30: SGST | AD30: GST Net Sales | AE30: IGST | AF30: CGST | AG30: SGST | AH30: GST Net Sales | AI30: IGST | AJ30: CGST | AK30: SGST | AL30: GST Net Sales | AM30: IGST | AN30: CGST | AO30: SGST | AP30: GST Net Sales | AQ30: IGST | AR30: CGST | AS30: SGST | AT30: GST Net Sales | AU30: IGST | AV30: CGST | AW30: SGST | AX30: GST Net Sales | AY30: IGST | AZ30: CGST | BA30: SGST
A31: Outward taxable supplies | AX31: =B31+F31+J31+N31+R31+V31+Z31+AD31+AH31+AL31+AP31+AT31 -> 0 | AY31: =C31+G31+K31+O31+S31+W31+AA31+AE31+AI31+AM31+AQ31+AU31 -> 0 | AZ31: =D31+H31+L31+P31+T31+X31+AB31+AF31+AJ31+AN31+AR31+AV31 -> 0 | BA31: =E31+I31+M31+Q31+U31+Y31+AC31+AG31+AK31+AO31+AS31+AW31 -> 0
A32: Zero Rated | AX32: =B32+F32+J32+N32+R32+V32+Z32+AD32+AH32+AL32+AP32+AT32 -> 0 | AY32: =C32+G32+K32+O32+S32+W32+AA32+AE32+AI32+AM32+AQ32+AU32 -> 0 | AZ32: =D32+H32+L32+P32+T32+X32+AB32+AF32+AJ32+AN32+AR32+AV32 -> 0 | BA32: =E32+I32+M32+Q32+U32+Y32+AC32+AG32+AK32+AO32+AS32+AW32 -> 0
A33: Nill Rated /Exempted | AX33: =B33+F33+J33+N33+R33+V33+Z33+AD33+AH33+AL33+AP33+AT33 -> 0 | AY33: =C33+G33+K33+O33+S33+W33+AA33+AE33+AI33+AM33+AQ33+AU33 -> 0 | AZ33: =D33+H33+L33+P33+T33+X33+AB33+AF33+AJ33+AN33+AR33+AV33 -> 0 | BA33: =E33+I33+M33+Q33+U33+Y33+AC33+AG33+AK33+AO33+AS33+AW33 -> 0
A34: Non GST | AX34: =B34+F34+J34+N34+R34+V34+Z34+AD34+AH34+AL34+AP34+AT34 -> 0
AX35: =B35+F35+J35+N35+R35+V35+Z35+AD35+AH35+AL35+AP35+AT35 -> 0 | AY35: =C35+G35+K35+O35+S35+W35+AA35+AE35+AI35+AM35+AQ35+AU35 -> 0 | AZ35: =D35+H35+L35+P35+T35+X35+AB35+AF35+AJ35+AN35+AR35+AV35 -> 0 | BA35: =E35+I35+M35+Q35+U35+Y35+AC35+AG35+AK35+AO35+AS35+AW35 -> 0
A36: Total | B36: =SUM(B31:B35) -> 0 | C36: =SUM(C31:C35) -> 0 | D36: =SUM(D31:D35) -> 0 | E36: =SUM(E31:E35) -> 0 | F36: =SUM(F31:F35) -> 0 | G36: =SUM(G31:G35) -> 0 | H36: =SUM(H31:H35) -> 0 | I36: =SUM(I31:I35) -> 0 | ... BA36: =SUM(BA31:BA35) -> 0
A38: DIFFERENCE
A39: Type of Sale | B39: April | F39: May | J39: June | N39: July | R39: August | V39: September | Z39: October | AD39: November | AH39: December | AL39: January | AP39: February | AT39: March | AX39: Total
B40: GST Net Sales | C40: IGST | D40: CGST | E40: SGST | F40: GST Net Sales | G40: IGST | H40: CGST | I40: SGST | J40: GST Net Sales | K40: IGST | L40: CGST | M40: SGST | N40: GST Net Sales | O40: IGST | P40: CGST | Q40: SGST | R40: GST Net Sales | S40: IGST | T40: CGST | U40: SGST | V40: GST Net Sales | W40: IGST | X40: CGST | Y40: SGST | Z40: GST Net Sales | AA40: IGST | AB40: CGST | AC40: SGST | AD40: GST Net Sales | AE40: IGST | AF40: CGST | AG40: SGST | AH40: GST Net Sales | AI40: IGST | AJ40: CGST | AK40: SGST | AL40: GST Net Sales | AM40: IGST | AN40: CGST | AO40: SGST | AP40: GST Net Sales | AQ40: IGST | AR40: CGST | AS40: SGST | AT40: GST Net Sales | AU40: IGST | AV40: CGST | AW40: SGST | AX40: GST Net Sales | AY40: IGST | AZ40: CGST | BA40: SGST
B41: =B25-B35 -> 0 | C41: =C26-C36 -> 0 | D41: =D26-D36 -> 0 | E41: =E26-E36 -> 0 | F41: =F25-F35 -> 0 | G41: =G26-G36 -> 0 | H41: =H26-H36 -> 0 | I41: =I26-I36 -> 0 | J41: =J25-J35 -> 0 | K41: =K26-K36 -> 0 | L41: =L26-L36 -> 0 | M41: =M26-M36 -> 0 | N41: =N25-N35 -> 0 | O41: =O26-O36 -> 0 | P41: =P26-P36 -> 0 | Q41: =Q26-Q36 -> 0 | R41: =R25-R35 -> 0 | S41: =S26-S36 -> 0 | T41: =T26-T36 -> 0 | U41: =U26-U36 -> 0 | V41: =V25-V35 -> 0 | W41: =W26-W36 -> 0 | X41: =X26-X36 -> 0 | Y41: =Y26-Y36 -> 0 | Z41: =Z26-Z36 -> 0 | AA41: =AA26-AA36 -> 0 | AB41: =AB26-AB36 -> 0 | AC41: =AC26-AC36 -> 0 | AD41: =AD26-AD36 -> 0 | ... BA41: =BA26-BA36 -> 0
A42: Total | B42: =SUM(B41:B41) -> 0 | C42: =SUM(C41:C41) -> 0 | D42: =SUM(D41:D41) -> 0 | E42: =SUM(E41:E41) -> 0 | F42: =SUM(F41:F41) -> 0 | G42: =SUM(G41:G41) -> 0 | H42: =SUM(H41:H41) -> 0 | I42: =SUM(I41:I41) -> 0 | ... BA42: =SUM(BA41:BA41) -> 0

Sheet RCM
A1: As per Books
A2: Type of Sale | B2: April | F2: May | J2: June | N2: July | R2: August | V2: September | Z2: October | AD2: November | AH2: December | AL2: January | AP2: February | AT2: March | AX2: Total
B3: Basic Value | C3: IGST | D3: CGST | E3: SGST | F3: Basic Value | G3: IGST | H3: CGST | I3: SGST | J3: Basic Value | K3: IGST | L3: CGST | M3: SGST | N3: Basic Value | O3: IGST | P3: CGST | Q3: SGST | R3: Basic Value | S3: IGST | T3: CGST | U3: SGST | V3: Basic Value | W3: IGST | X3: CGST | Y3: SGST | Z3: Basic Value | AA3: IGST | AB3: CGST | AC3: SGST | AD3: Basic Value | AE3: IGST | AF3: CGST | AG3: SGST | AH3: Basic Value | AI3: IGST | AJ3: CGST | AK3: SGST | AL3: Basic Value | AM3: IGST | AN3: CGST | AO3: SGST | AP3: Basic Value | AQ3: IGST | AR3: CGST | AS3: SGST | AT3: Basic Value | AU3: IGST | AV3: CGST | AW3: SGST | AX3: Basic Value | AY3: IGST | AZ3: CGST | BA3: SGST
A4: Eligible Input | AX4: =N4+R4+V4+Z4+AD4+AH4+AL4+AP4+AT4 -> 0 | AY4: =O4+S4+W4+AA4+AE4+AI4+AM4+AQ4+AU4 -> 0 | AZ4: =P4+T4+X4+AB4+AF4+AJ4+AN4+AR4+AV4 -> 0 | BA4: =Q4+U4+Y4+AC4+AG4+AK4+AO4+AS4+AW4 -> 0
A5: RCM - 5% | AX5: =N5+R5+V5+Z5+AD5+AH5+AL5+AP5+AT5 -> 0 | AY5: =O5+S5+W5+AA5+AE5+AI5+AM5+AQ5+AU5 -> 0 | AZ5: =P5+T5+X5+AB5+AF5+AJ5+AN5+AR5+AV5 -> 0 | BA5: =Q5+U5+Y5+AC5+AG5+AK5+AO5+AS5+AW5 -> 0
A6: RCM - 12% | AX6: =N6+R6+V6+Z6+AD6+AH6+AL6+AP6+AT6 -> 0 | AY6: =O6+S6+W6+AA6+AE6+AI6+AM6+AQ6+AU6 -> 0 | AZ6: =P6+T6+X6+AB6+AF6+AJ6+AN6+AR6+AV6 -> 0 | BA6: =Q6+U6+Y6+AC6+AG6+AK6+AO6+AS6+AW6 -> 0
A7: RCM - 18% | H7: =ROUND(F7*9%,0) -> 0 | I7: =ROUND(F7*9%,0) -> 0 | AX7: =N7+R7+V7+Z7+AD7+AH7+AL7+AP7+AT7 -> 0 | AY7: =O7+S7+W7+AA7+AE7+AI7+AM7+AQ7+AU7 -> 0 | AZ7: =P7+T7+X7+AB7+AF7+AJ7+AN7+AR7+AV7 -> 0 | BA7: =Q7+U7+Y7+AC7+AG7+AK7+AO7+AS7+AW7 -> 0
A8: RCM - 28%
A9: Total - A | B9: =SUM(B4:B8) -> 0 | C9: =SUM(C4:C8) -> 0 | D9: =SUM(D4:D8) -> 0 | E9: =SUM(E4:E8) -> 0 | F9: =SUM(F4:F8) -> 0 | G9: =SUM(G4:G8) -> 0 | H9: =SUM(H4:H8) -> 0 | I9: =SUM(I4:I8) -> 0 | ... BA9: =SUM(BA4:BA8) -> 0
A11: Ineligible Input
A12: RCM - 5% | AX12: =N12+R12+V12+Z12+AD12+AH12+AL12+AP12+AT12 -> 0 | AY12: =O12+S12+W12+AA12+AE12+AI12+AM12+AQ12+AU12 -> 0 | AZ12: =P12+T12+X12+AB12+AF12+AJ12+AN12+AR12+AV12 -> 0 | BA12: =Q12+U12+Y12+AC12+AG12+AK12+AO12+AS12+AW12 -> 0
A13: RCM - 12% | AX13: =N13+R13+V13+Z13+AD13+AH13+AL13+AP13+AT13 -> 0 | AY13: =O13+S13+W13+AA13+AE13+AI13+AM13+AQ13+AU13 -> 0 | AZ13: =P13+T13+X13+AB13+AF13+AJ13+AN13+AR13+AV13 -> 0 | BA13: =Q13+U13+Y13+AC13+AG13+AK13+AO13+AS13+AW13 -> 0
A14: RCM - 18% | AX14: =N14+R14+V14+Z14+AD14+AH14+AL14+AP14+AT14 -> 0 | AY14: =O14+S14+W14+AA14+AE14+AI14+AM14+AQ14+AU14 -> 0 | AZ14: =P14+T14+X14+AB14+AF14+AJ14+AN14+AR14+AV14 -> 0 | BA14: =Q14+U14+Y14+AC14+AG14+AK14+AO14+AS14+AW14 -> 0
A15: RCM - 28% | AX15: =N15+R15+V15+Z15+AD15+AH15+AL15+AP15+AT15 -> 0 | AY15: =O15+S15+W15+AA15+AE15+AI15+AM15+AQ15+AU15 -> 0 | AZ15: =P15+T15+X15+AB15+AF15+AJ15+AN15+AR15+AV15 -> 0 | BA15: =Q15+U15+Y15+AC15+AG15+AK15+AO15+AS15+AW15 -> 0
A16: Total - B | B16: =SUM(B12:B15) -> 0 | C16: =SUM(C12:C15) -> 0 | D16: =SUM(D12:D15) -> 0 | E16: =SUM(E12:E15) -> 0 | F16: =SUM(F12:F15) -> 0 | G16: =SUM(G12:G15) -> 0 | H16: =SUM(H12:H15) -> 0 | I16: =SUM(I12:I15) -> 0 | ... BA16: =SUM(BA12:BA15) -> 0
A18: Total (A + B) | B18: =B9+B16 -> 0 | C18: =C9+C16 -> 0 | D18: =D9+D16 -> 0 | E18: =E9+E16 -> 0 | F18: =F9+F16 -> 0 | G18: =G9+G16 -> 0 | H18: =H9+H16 -> 0 | I18: =I9+I16 -> 0 | ... BA18: =BA9+BA16 -> 0
A21: AS Per Return 3B
A22: Type of Sale | B22: April | F22: May | J22: June | N22: July | R22: August | V22: September | Z22: October | AD22: November | AH22: December | AL22: January | AP22: February | AT22: March | AX22: Total
B23: Basic Value | C23: IGST | D23: CGST | E23: SGST | F23: Basic Value | G23: IGST | H23: CGST | I23: SGST | J23: Basic Value | K23: IGST | L23: CGST | M23: SGST | N23: Basic Value | O23: IGST | P23: CGST | Q23: SGST | R23: Basic Value | S23: IGST | T23: CGST | U23: SGST | V23: Basic Value | W23: IGST | X23: CGST | Y23: SGST | Z23: Basic Value | AA23: IGST | AB23: CGST | AC23: SGST | AD23: Basic Value | AE23: IGST | AF23: CGST | AG23: SGST | AH23: Basic Value | AI23: IGST | AJ23: CGST | AK23: SGST | AL23: Basic Value | AM23: IGST | AN23: CGST | AO23: SGST | AP23: Basic Value | AQ23: IGST | AR23: CGST | AS23: SGST | AT23: Basic Value | AU23: IGST | AV23: CGST | AW23: SGST | AX23: Basic Value | AY23: IGST | AZ23: CGST | BA23: SGST
A24: Inward supplies (liable to RCM) | AX24: =N24+R24+V24+Z24+AD24+AH24+AL24+AP24+AT24 -> 0 | AY24: =O24+S24+W24+AA24+AE24+AI24+AM24+AQ24+AU24 -> 0 | AZ24: =P24+T24+X24+AB24+AF24+AJ24+AN24+AR24+AV24 -> 0 | BA24: =Q24+U24+Y24+AC24+AG24+AK24+AO24+AS24+AW24 -> 0
A25: Total (A + B) | B25: =SUM(B24) -> 0 | C25: =SUM(C24) -> 0 | D25: =SUM(D24) -> 0 | E25: =SUM(E24) -> 0 | F25: =SUM(F24) -> 0 | G25: =SUM(G24) -> 0 | H25: =SUM(H24) -> 0 | I25: =SUM(I24) -> 0 | ... BA25: =SUM(BA24) -> 0
A28: Difference
A29: Type of Sale | B29: April | F29: May | J29: June | N29: July | R29: August | V29: September | Z29: October | AD29: November | AH29: December | AL29: January | AP29: February | AT29: March | AX29: Total
B30: Basic Value | C30: IGST | D30: CGST | E30: SGST | F30: Basic Value | G30: IGST | H30: CGST | I30: SGST | J30: Basic Value | K30: IGST | L30: CGST | M30: SGST | N30: Basic Value | O30: IGST | P30: CGST | Q30: SGST | R30: Basic Value | S30: IGST | T30: CGST | U30: SGST | V30: Basic Value | W30: IGST | X30: CGST | Y30: SGST | Z30: Basic Value | AA30: IGST | AB30: CGST | AC30: SGST | AD30: Basic Value | AE30: IGST | AF30: CGST | AG30: SGST | AH30: Basic Value | AI30: IGST | AJ30: CGST | AK30: SGST | AL30: Basic Value | AM30: IGST | AN30: CGST | AO30: SGST | AP30: Basic Value | AQ30: IGST | AR30: CGST | AS30: SGST | AT30: Basic Value | AU30: IGST | AV30: CGST | AW30: SGST | AX30: Basic Value | AY30: IGST | AZ30: CGST | BA30: SGST
B31: =B18-B25 -> 0 | C31: =C18-C25 -> 0 | D31: =D18-D25 -> 0 | E31: =E18-E25 -> 0 | N31: =N18-N25 -> 0 | O31: =O18-O25 -> 0 | P31: =P18-P25 -> 0 | Q31: =Q18-Q25 -> 0 | R31: =R18-R25 -> 0 | S31: =S18-S25 -> 0 | T31: =T18-T25 -> 0 | U31: =U18-U25 -> 0 | ... AW31: =AW18-AW25 -> 0 | AX31: =N31+R31+V31+Z31+AD31+AH31+AL31+AP31+AT31 -> 0 | AY31: =O31+S31+W31+AA31+AE31+AI31+AM31+AQ31+AU31 -> 0 | AZ31: =P31+T31+X31+AB31+AF31+AJ31+AN31+AR31+AV31 -> 0 | BA31: =Q31+U31+Y31+AC31+AG31+AK31+AO31+AS31+AW31 -> 0
B32: =B31 -> 0 | C32: =C31 -> 0 | D32: =D31 -> 0 | E32: =E31 -> 0 | F32: =F31 -> 0 | G32: =G31 -> 0 | H32: =H31 -> 0 | I32: =I31 -> 0 | ... BA32: =BA31 -> 0

Sheet Purchase
A2: Type of Purchases | B2: April | F2: May | J2: June | N2: July | R2: August | V2: September | Z2: October | AD2: November | AH2: December | AL2: January | AP2: February | AT2: March | AX2: Total
B3: GST Net Purchases | C3: IGST | D3: CGST | E3: SGST | F3: GST Net Purchases | G3: IGST | H3: CGST | I3: SGST | J3: GST Net Purchases | K3: IGST | L3: CGST | M3: SGST | N3: GST Net Purchases | O3: IGST | P3: CGST | Q3: SGST | R3: GST Net Purchases | S3: IGST | T3: CGST | U3: SGST | V3: GST Net Purchases | W3: IGST | X3: CGST | Y3: SGST | Z3: GST Net Purchases | AA3: IGST | AB3: CGST | AC3: SGST | AD3: GST Net Purchases | AE3: IGST | AF3: CGST | AG3: SGST | AH3: GST Net Purchases | AI3: IGST | AJ3: CGST | AK3: SGST | AL3: GST Net Purchases | AM3: IGST | AN3: CGST | AO3: SGST | AP3: GST Net Purchases | AQ3: IGST | AR3: CGST | AS3: SGST | AT3: GST Net Purchases | AU3: IGST | AV3: CGST | AW3: SGST | AX3: GST Net Purchases | AY3: IGST | AZ3: CGST | BA3: SGST
A4: Local - 5% | D4: =ROUND(B4*2.5%,0) -> 0 | E4: =ROUND(B4*2.5%,0) -> 0 | H4: =ROUND(F4*2.5%,0) -> 0 | I4: =ROUND(F4*2.5%,0) -> 0 | L4: =ROUND(J4*2.5%,0) -> 0 | M4: =ROUND(J4*2.5%,0) -> 0 | P4: =ROUND(N4*2.5%,0) -> 0 | Q4: =ROUND(N4*2.5%,0) -> 0 | T4: =ROUND(R4*2.5%,0) -> 0 | U4: =ROUND(R4*2.5%,0) -> 0 | X4: =ROUND(V4*2.5%,0) -> 0 | Y4: =ROUND(V4*2.5%,0) -> 0 | AB4: =ROUND(Z4*2.5%,0) -> 0 | AC4: =ROUND(Z4*2.5%,0) -> 0 | AF4: =ROUND(AD4*2.5%,0) -> 0 | AG4: =ROUND(AD4*2.5%,0) -> 0 | AJ4: =ROUND(AH4*2.5%,0) -> 0 | AK4: =ROUND(AH4*2.5%,0) -> 0 | AN4: =ROUND(AL4*2.5%,0) -> 0 | AO4: =ROUND(AL4*2.5%,0) -> 0 | AR4: =ROUND(AP4*2.5%,0) -> 0 | AS4: =ROUND(AP4*2.5%,0) -> 0 | AV4: =ROUND(AT4*2.5%,0) -> 0 | AW4: =ROUND(AT4*2.5%,0) -> 0 | AX4: =B4+F4+J4+N4+R4+V4+Z4+AD4+AH4+AL4+AP4+AT4 -> 0 | AZ4: =D4+H4+L4+P4+T4+X4+AB4+AF4+AJ4+AN4+AR4+AV4 -> 0 | BA4: =E4+I4+M4+Q4+U4+Y4+AC4+AG4+AK4+AO4+AS4+AW4 -> 0
A5: Local - 12% | D5: =ROUND(B5*6%,0) -> 0 | E5: =ROUND(B5*6%,0) -> 0 | H5: =ROUND(F5*6%,0) -> 0 | I5: =ROUND(F5*6%,0) -> 0 | L5: =ROUND(J5*6%,0) -> 0 | M5: =ROUND(J5*6%,0) -> 0 | P5: =ROUND(N5*6%,0) -> 0 | Q5: =ROUND(N5*6%,0) -> 0 | T5: =ROUND(R5*6%,0) -> 0 | U5: =ROUND(R5*6%,0) -> 0 | X5: =ROUND(V5*6%,0) -> 0 | Y5: =ROUND(V5*6%,0) -> 0 | AB5: =ROUND(Z5*6%,0) -> 0 | AC5: =ROUND(Z5*6%,0) -> 0 | AF5: =ROUND(AD5*6%,0) -> 0 | AG5: =ROUND(AD5*6%,0) -> 0 | AJ5: =ROUND(AH5*6%,0) -> 0 | AK5: =ROUND(AH5*6%,0) -> 0 | AN5: =ROUND(AL5*6%,0) -> 0 | AO5: =ROUND(AL5*6%,0) -> 0 | AR5: =ROUND(AP5*6%,0) -> 0 | AS5: =ROUND(AP5*6%,0) -> 0 | AV5: =ROUND(AT5*6%,0) -> 0 | AW5: =ROUND(AT5*6%,0) -> 0 | AX5: =B5+F5+J5+N5+R5+V5+Z5+AD5+AH5+AL5+AP5+AT5 -> 0 | AZ5: =D5+H5+L5+P5+T5+X5+AB5+AF5+AJ5+AN5+AR5+AV5 -> 0 | BA5: =E5+I5+M5+Q5+U5+Y5+AC5+AG5+AK5+AO5+AS5+AW5 -> 0
A6: Local - 18% | D6: =ROUND(B6*9%,0) -> 0 | E6: =ROUND(B6*9%,0) -> 0 | H6: =ROUND(F6*9%,0) -> 0 | I6: =ROUND(F6*9%,0) -> 0 | L6: =ROUND(J6*9%,0) -> 0 | M6: =ROUND(J6*9%,0) -> 0 | P6: =ROUND(N6*9%,0) -> 0 | Q6: =ROUND(N6*9%,0) -> 0 | T6: =ROUND(R6*9%,0) -> 0 | U6: =ROUND(R6*9%,0) -> 0 | X6: =ROUND(V6*9%,0) -> 0 | Y6: =ROUND(V6*9%,0) -> 0 | AB6: =ROUND(Z6*9%,0) -> 0 | AC6: =ROUND(Z6*9%,0) -> 0 | AF6: =ROUND(AD6*9%,0) -> 0 | AG6: =ROUND(AD6*9%,0) -> 0 | AJ6: =ROUND(AH6*9%,0) -> 0 | AK6: =ROUND(AH6*9%,0) -> 0 | AN6: =ROUND(AL6*9%,0) -> 0 | AO6: =ROUND(AL6*9%,0) -> 0 | AR6: =ROUND(AP6*9%,0) -> 0 | AS6: =ROUND(AP6*9%,0) -> 0 | AV6: =ROUND(AT6*9%,0) -> 0 | AW6: =ROUND(AT6*9%,0) -> 0 | AX6: =B6+F6+J6+N6+R6+V6+Z6+AD6+AH6+AL6+AP6+AT6 -> 0 | AZ6: =D6+H6+L6+P6+T6+X6+AB6+AF6+AJ6+AN6+AR6+AV6 -> 0 | BA6: =E6+I6+M6+Q6+U6+Y6+AC6+AG6+AK6+AO6+AS6+AW6 -> 0
A7: Local - 28% | D7: =ROUND(B7*14%,0) -> 0 | E7: =ROUND(B7*14%,0) -> 0 | H7: =ROUND(F7*14%,0) -> 0 | I7: =ROUND(F7*14%,0) -> 0 | L7: =ROUND(J7*14%,0) -> 0 | M7: =ROUND(J7*14%,0) -> 0 | P7: =ROUND(N7*14%,0) -> 0 | Q7: =ROUND(N7*14%,0) -> 0 | T7: =ROUND(R7*14%,0) -> 0 | U7: =ROUND(R7*14%,0) -> 0 | X7: =ROUND(V7*14%,0) -> 0 | Y7: =ROUND(V7*14%,0) -> 0 | AB7: =ROUND(Z7*14%,0) -> 0 | AC7: =ROUND(Z7*14%,0) -> 0 | AF7: =ROUND(AD7*14%,0) -> 0 | AG7: =ROUND(AD7*14%,0) -> 0 | AJ7: =ROUND(AH7*14%,0) -> 0 | AK7: =ROUND(AH7*14%,0) -> 0 | AN7: =ROUND(AL7*14%,0) -> 0 | AO7: =ROUND(AL7*14%,0) -> 0 | AR7: =ROUND(AP7*14%,0) -> 0 | AS7: =ROUND(AP7*14%,0) -> 0 | AV7: =ROUND(AT7*14%,0) -> 0 | AW7: =ROUND(AT7*14%,0) -> 0 | AX7: =B7+F7+J7+N7+R7+V7+Z7+AD7+AH7+AL7+AP7+AT7 -> 0 | AZ7: =D7+H7+L7+P7+T7+X7+AB7+AF7+AJ7+AN7+AR7+AV7 -> 0 | BA7: =E7+I7+M7+Q7+U7+Y7+AC7+AG7+AK7+AO7+AS7+AW7 -> 0
A8: L-Services @ 18% | T8: =ROUND(R8*9%,0) -> 0 | U8: =ROUND(R8*9%,0) -> 0
A9: Interstate - 5% | AX9: =B9+F9+J9+N9+R9+V9+Z9+AD9+AH9+AL9+AP9+AT9 -> 0 | AY9: =C9+G9+K9+O9+S9+W9+AA9+AE9+AI9+AM9+AQ9+AU9 -> 0
A10: Interstate - 12% | C10: =B10*12% -> 0 | G10: =F10*12% -> 0 | K10: =J10*12% -> 0 | O10: =N10*12% -> 0 | S10: =R10*12% -> 0 | W10: =V10*12% -> 0 | AA10: =Z10*12% -> 0 | AE10: =AD10*12% -> 0 | AI10: =AH10*12% -> 0 | AM10: =AL10*12% -> 0 | AQ10: =AP10*12% -> 0 | AU10: =AT10*12% -> 0 | AX10: =B10+F10+J10+N10+R10+V10+Z10+AD10+AH10+AL10+AP10+AT10 -> 0 | AY10: =C10+G10+K10+O10+S10+W10+AA10+AE10+AI10+AM10+AQ10+AU10 -> 0
A11: Interstate - 18% | C11: =ROUND(B11*18%,0) -> 0 | G11: =ROUND(F11*18%,0) -> 0 | K11: =ROUND(J11*18%,0) -> 0 | O11: =ROUND(N11*18%,0) -> 0 | S11: =ROUND(R11*18%,0) -> 0 | W11: =ROUND(V11*18%,0) -> 0 | AA11: =ROUND(Z11*18%,0) -> 0 | AE11: =ROUND(AD11*18%,0) -> 0 | AI11: =ROUND(AH11*18%,0) -> 0 | AM11: =ROUND(AL11*18%,0) -> 0 | AQ11: =ROUND(AP11*18%,0) -> 0 | AU11: =ROUND(AT11*18%,0) -> 0 | AX11: =B11+F11+J11+N11+R11+V11+Z11+AD11+AH11+AL11+AP11+AT11 -> 0 | AY11: =C11+G11+K11+O11+S11+W11+AA11+AE11+AI11+AM11+AQ11+AU11 -> 0
A12: Interstate - 28% | C12: =ROUND(B12*28%,0) -> 0 | G12: =ROUND(F12*28%,0) -> 0 | K12: =ROUND(J12*28%,0) -> 0 | O12: =ROUND(N12*28%,0) -> 0 | S12: =ROUND(R12*28%,0) -> 0 | W12: =ROUND(V12*28%,0) -> 0 | AA12: =ROUND(Z12*28%,0) -> 0 | AE12: =ROUND(AD12*28%,0) -> 0 | AI12: =ROUND(AH12*28%,0) -> 0 | AM12: =ROUND(AL12*28%,0) -> 0 | AQ12: =ROUND(AP12*28%,0) -> 0 | AU12: =ROUND(AT12*28%,0) -> 0 | AX12: =B12+F12+J12+N12+R12+V12+Z12+AD12+AH12+AL12+AP12+AT12 -> 0 | AY12: =C12+G12+K12+O12+S12+W12+AA12+AE12+AI12+AM12+AQ12+AU12 -> 0
A13: I-Services @ 18% | O13: =ROUND(N13*18%,0) -> 0 | S13: =ROUND(R13*18%,0) -> 0 | W13: =ROUND(V13*18%,0) -> 0 | AA13: =ROUND(Z13*18%,0) -> 0 | AE13: =ROUND(AD13*18%,0) -> 0 | AI13: =ROUND(AH13*18%,0) -> 0 | AM13: =ROUND(AL13*18%,0) -> 0
A14: Export with GST | AX14: =B14+F14+J14+N14+R14+V14+Z14+AD14+AH14+AL14+AP14+AT14 -> 0 | AY14: =C14+G14+K14+O14+S14+W14+AA14+AE14+AI14+AM14+AQ14+AU14 -> 0
A15: SEZ with GST | AX15: =B15+F15+J15+N15+R15+V15+Z15+AD15+AH15+AL15+AP15+AT15 -> 0 | AY15: =C15+G15+K15+O15+S15+W15+AA15+AE15+AI15+AM15+AQ15+AU15 -> 0
A16: Exempted | AX16: =B16+F16+J16+N16+R16+V16+Z16+AD16+AH16+AL16+AP16+AT16 -> 0
A17: Export | AX17: =B17+F17+J17+N17+R17+V17+Z17+AD17+AH17+AL17+AP17+AT17 -> 0
A18: SEZ | AX18: =B18+F18+J18+N18+R18+V18+Z18+AD18+AH18+AL18+AP18+AT18 -> 0
A19: Non GST | AX19: =B19+F19+J19+N19+R19+V19+Z19+AD19+AH19+AL19+AP19+AT19 -> 0
A20: Nill Rated | AX20: =B20+F20+J20+N20+R20+V20+Z20+AD20+AH20+AL20+AP20+AT20 -> 0
A21: Zero Rated | AX21: =B21+F21+J21+N21+R21+V21+Z21+AD21+AH21+AL21+AP21+AT21 -> 0
A22: RCM Paid in Last Month | N22: 0 | O22: =RCM!K9 -> 0 | P22: =RCM!L9 -> 0 | Q22: =RCM!M9 -> 0 | R22: 0 | S22: =RCM!O9 -> 0 | T22: =RCM!P9 -> 0 | U22: =RCM!Q9 -> 0 | V22: 0 | W22: =RCM!S9 -> 0 | X22: =RCM!T9 -> 0 | Y22: =RCM!U9 -> 0 | Z22: 0 | AA22: =RCM!W9 -> 0 | AB22: =RCM!X9 -> 0 | AC22: =RCM!Y9 -> 0 | AD22: 0 | AE22: =RCM!AA9 -> 0 | AF22: =RCM!AB9 -> 0 | AG22: =RCM!AC9 -> 0 | AH22: 0 | AI22: =RCM!AE9 -> 0 | AJ22: =RCM!AF9 -> 0 | AK22: =RCM!AG9 -> 0 | AL22: 0 | AM22: =RCM!AI9 -> 0 | AN22: =RCM!AJ9 -> 0 | AO22: =RCM!AK9 -> 0 | AP22: 0 | AQ22: =RCM!AM9 -> 0 | AR22: =RCM!AN9 -> 0 | AS22: =RCM!AO9 -> 0 | AT22: 0 | AU22: =RCM!AQ9 -> 0 | AV22: =RCM!AR9 -> 0 | AW22: =RCM!AS9 -> 0 | AX22: =B22+F22+J22+N22+R22+V22+Z22+AD22+AH22+AL22+AP22+AT22 -> 0 | AY22: =C22+G22+K22+O22+S22+W22+AA22+AE22+AI22+AM22+AQ22+AU22 -> 0 | AZ22: =D22+H22+L22+P22+T22+X22+AB22+AF22+AJ22+AN22+AR22+AV22 -> 0 | BA22: =E22+I22+M22+Q22+U22+Y22+AC22+AG22+AK22+AO22+AS22+AW22 -> 0
A23: Total | B23: =SUM(B4:B22) -> 0 | C23: =SUM(C4:C22) -> 0 | D23: =SUM(D4:D22) -> 0 | E23: =SUM(E4:E22) -> 0 | F23: =SUM(F4:F22) -> 0 | G23: =SUM(G4:G22) -> 0 | H23: =SUM(H4:H22) -> 0 | I23: =SUM(I4:I22) -> 0 | ... BA23: =SUM(BA4:BA22) -> 0
A25: AS Per Return 3B
A26: Type of Purchases | B26: April | F26: May | J26: June | N26: July | R26: August | V26: September | Z26: October | AD26: November | AH26: December | AL26: January | AP26: February | AT26: March | AX26: Total
B27: GST Net Purchases | C27: IGST | D27: CGST | E27: SGST | F27: GST Net Purchases | G27: IGST | H27: CGST | I27: SGST | J27: GST Net Purchases | K27: IGST | L27: CGST | M27: SGST | N27: GST Net Purchases | O27: IGST | P27: CGST | Q27: SGST | R27: GST Net Purchases | S27: IGST | T27: CGST | U27: SGST | V27: GST Net Purchases | W27: IGST | X27: CGST | Y27: SGST | Z27: GST Net Purchases | AA27: IGST | AB27: CGST | AC27: SGST | AD27: GST Net Purchases | AE27: IGST | AF27: CGST | AG27: SGST | AH27: GST Net Purchases | AI27: IGST | AJ27: CGST | AK27: SGST | AL27: GST Net Purchases | AM27: IGST | AN27: CGST | AO27: SGST | AP27: GST Net Purchases | AQ27: IGST | AR27: CGST | AS27: SGST | AT27: GST Net Purchases | AU27: IGST | AV27: CGST | AW27: SGST | AX27: GST Net Purchases | AY27: IGST | AZ27: CGST | BA27: SGST
AX28: =B28+F28+J28+N28+R28+V28+Z28+AD28+AH28+AL28+AP28+AT28 -> 0 | AY28: =C28+G28+K28+O28+S28+W28+AA28+AE28+AI28+AM28+AQ28+AU28 -> 0 | AZ28: =D28+H28+L28+P28+T28+X28+AB28+AF28+AJ28+AN28+AR28+AV28 -> 0 | BA28: =E28+I28+M28+Q28+U28+Y28+AC28+AG28+AK28+AO28+AS28+AW28 -> 0
A29: Total | B29: =SUM(B28:B28) -> 0 | C29: =SUM(C28:C28) -> 0 | D29: =SUM(D28:D28) -> 0 | E29: =SUM(E28:E28) -> 0 | F29: =SUM(F28:F28) -> 0 | G29: =SUM(G28:G28) -> 0 | H29: =SUM(H28:H28) -> 0 | I29: =SUM(I28:I28) -> 0 | ... BA29: =SUM(BA28:BA28) -> 0
A31: DIFFERENCE
A32: Type of Purchases | B32: April | F32: May | J32: June | N32: July | R32: August | V32: September | Z32: October | AD32: November | AH32: December | AL32: January | AP32: February | AT32: March | AX32: Total
B33: GST Net Purchases | C33: IGST | D33: CGST | E33: SGST | F33: GST Net Purchases | G33: IGST | H33: CGST | I33: SGST | J33: GST Net Purchases | K33: IGST | L33: CGST | M33: SGST | N33: GST Net Purchases | O33: IGST | P33: CGST | Q33: SGST | R33: GST Net Purchases | S33: IGST | T33: CGST | U33: SGST | V33: GST Net Purchases | W33: IGST | X33: CGST | Y33: SGST | Z33: GST Net Purchases | AA33: IGST | AB33: CGST | AC33: SGST | AD33: GST Net Purchases | AE33: IGST | AF33: CGST | AG33: SGST | AH33: GST Net Purchases | AI33: IGST | AJ33: CGST | AK33: SGST | AL33: GST Net Purchases | AM33: IGST | AN33: CGST | AO33: SGST | AP33: GST Net Purchases | AQ33: IGST | AR33: CGST | AS33: SGST | AT33: GST Net Purchases | AU33: IGST | AV33: CGST | AW33: SGST | AX33: GST Net Purchases | AY33: IGST | AZ33: CGST | BA33: SGST
B34: =B23-B29 -> 0 | C34: =C23-C29 -> 0 | D34: =D23-D29 -> 0 | E34: =E23-E29 -> 0 | F34: =F23-F29 -> 0 | G34: =G23-G29 -> 0 | H34: =H23-H29 -> 0 | I34: =I23-I29 -> 0 | ... M34: =M23-M29 -> 0 | O34: =O23-O29 -> 0 | P34: =P23-P29 -> 0 | Q34: =Q23-Q29 -> 0 | R34: =R23-R29 -> 0 | S34: =S23-S29 -> 0 | T34: =T23-T29 -> 0 | U34: =U23-U29 -> 0 | V34: =V23-V29 -> 0 | ... BA34: =BA23-BA29 -> 0
A35: Total | B35: =SUM(B34:B34) -> 0 | C35: =SUM(C34:C34) -> 0 | D35: =SUM(D34:D34) -> 0 | E35: =SUM(E34:E34) -> 0 | F35: =SUM(F34:F34) -> 0 | G35: =SUM(G34:G34) -> 0 | H35: =SUM(H34:H34) -> 0 | I35: =SUM(I34:I34) -> 0 | ... BA35: =SUM(BA34:BA34) -> 0

Sheet GST Payable
B1: April | E1: May | H1: June | K1: July | N1: August | Q1: September | T1: October | W1: November | Z1: December | AC1: January | AF1: February | AI1: March
A2: Particulars | B2: IGST | C2: CGST | D2: SGST | E2: IGST | F2: CGST | G2: SGST | H2: IGST | I2: CGST | J2: SGST | K2: IGST | L2: CGST | M2: SGST | N2: IGST | O2: CGST | P2: SGST | Q2: IGST | R2: CGST | S2: SGST | T2: IGST | U2: CGST | V2: SGST | W2: IGST | X2: CGST | Y2: SGST | Z2: IGST | AA2: CGST | AB2: SGST | AC2: IGST | AD2: CGST | AE2: SGST | AF2: IGST | AG2: CGST | AH2: SGST | AI2: IGST | AJ2: CGST | AK2: SGST
A3: GST Output | B3: =Sales!C26 -> 0 | C3: =Sales!D26 -> 0 | D3: =Sales!E26 -> 0 | E3: =Sales!G26 -> 0 | F3: =Sales!H26 -> 0 | G3: =Sales!I26 -> 0 | H3: =Sales!K26 -> 0 | I3: =Sales!L26 -> 0 | J3: =Sales!M26 -> 0 | K3: =Sales!O26 -> 0 | L3: =Sales!P26 -> 0 | M3: =Sales!Q26 -> 0 | N3: =Sales!S26 -> 0 | O3: =Sales!T26 -> 0 | P3: =Sales!U26 -> 0 | Q3: =Sales!W26 -> 0 | R3: =Sales!X26 -> 0 | S3: =Sales!Y26 -> 0 | T3: =Sales!AA26 -> 0 | U3: =Sales!AB26 -> 0 | V3: =Sales!AC26 -> 0 | W3: =Sales!AE26 -> 0 | X3: =Sales!AF26 -> 0 | Y3: =Sales!AG26 -> 0 | Z3: =Sales!AI26 -> 0 | AA3: =Sales!AJ26 -> 0 | AB3: =Sales!AK26 -> 0 | AC3: =Sales!AM26 -> 0 | AD3: =Sales!AN26 -> 0 | AE3: =Sales!AO26 -> 0 | AF3: =Sales!AQ26 -> 0 | AG3: =Sales!AR26 -> 0 | AH3: =Sales!AS26 -> 0 | AI3: =Sales!AU26 -> 0 | AJ3: =Sales!AV26 -> 0 | AK3: =Sales!AW26 -> 0
A4: Credit Utilized: IGST
A5: Credit Utilized: CGST
A6: Credit Utilized: SGST
A7: Payable before RCM | B7: =B3-SUM(B4:B6) -> 0 | C7: =C3-SUM(C4:C6) -> 0 | D7: =D3-SUM(D4:D6) -> 0 | E7: =E3-SUM(E4:E6) -> 0 | F7: =F3-SUM(F4:F6) -> 0 | G7: =G3-SUM(G4:G6) -> 0 | H7: =H3-SUM(H4:H6) -> 0 | I7: =I3-SUM(I4:I6) -> 0 | ... AK7: =AK3-SUM(AK4:AK6) -> 0
A8: RCM | B8: =RCM!C18 -> 0 | C8: =RCM!D18 -> 0 | D8: =RCM!E18 -> 0 | E8: =RCM!G9 -> 0 | F8: =RCM!H9 -> 0 | G8: =RCM!I9 -> 0 | H8: =RCM!K9 -> 0 | I8: =RCM!L9 -> 0 | J8: =RCM!M9 -> 0 | K8: =RCM!O9 -> 0 | L8: =RCM!P9 -> 0 | M8: =RCM!Q9 -> 0 | N8: =RCM!S9 -> 0 | O8: =RCM!T9 -> 0 | P8: =RCM!U9 -> 0 | Q8: =RCM!W9 -> 0 | R8: =RCM!X9 -> 0 | S8: =RCM!Y9 -> 0 | T8: =RCM!AA9 -> 0 | U8: =RCM!AB9 -> 0 | V8: =RCM!AC9 -> 0 | W8: =RCM!AE9 -> 0 | X8: =RCM!AF9 -> 0 | Y8: =RCM!AG9 -> 0 | Z8: =RCM!AI9 -> 0 | AA8: =RCM!AJ9 -> 0 | AB8: =RCM!AK9 -> 0 | AC8: =RCM!AM9 -> 0 | AD8: =RCM!AN9 -> 0 | AE8: =RCM!AO9 -> 0 | AF8: =RCM!AQ9 -> 0 | AG8: =RCM!AR9 -> 0 | AH8: =RCM!AS9 -> 0 | AI8: =RCM!AU9 -> 0 | AJ8: =RCM!AV9 -> 0 | AK8: =RCM!AW9 -> 0
A9: GST Payable | B9: =SUM(B7:B8) -> 0 | C9: =SUM(C7:C8) -> 0 | D9: =SUM(D7:D8) -> 0 | E9: =SUM(E7:E8) -> 0 | F9: =SUM(F7:F8) -> 0 | G9: =SUM(G7:G8) -> 0 | H9: =SUM(H7:H8) -> 0 | I9: =SUM(I7:I8) -> 0 | ... AK9: =SUM(AK7:AK8) -> 0
A10: Cash Paid | B10: =B23 -> 0 | C10: =C23 -> 0 | D10: =D23 -> 0 | E10: =E23 -> 0 | F10: =F23 -> 0 | G10: =G23 -> 0 | H10: =H23 -> 0 | I10: =I23 -> 0 | ... AK10: =AK23 -> 0
A11: Balance | B11: =B9-B10 -> 0 | C11: =C9-C10 -> 0 | D11: =D9-D10 -> 0 | E11: =E9-E10 -> 0 | F11: =F9-F10 -> 0 | G11: =G9-G10 -> 0 | H11: =H9-H10 -> 0 | I11: =I9-I10 -> 0 | ... AK11: =AK9-AK10 -> 0
A13: GST Input | B13: IGST | C13: CGST | D13: SGST | E13: IGST | F13: CGST | G13: SGST | H13: IGST | I13: CGST | J13: SGST | K13: IGST | L13: CGST | M13: SGST | N13: IGST | O13: CGST | P13: SGST | Q13: IGST | R13: CGST | S13: SGST | T13: IGST | U13: CGST | V13: SGST | W13: IGST | X13: CGST | Y13: SGST | Z13: IGST | AA13: CGST | AB13: SGST | AC13: IGST | AD13: CGST | AE13: SGST | AF13: IGST | AG13: CGST | AH13: SGST | AI13: IGST | AJ13: CGST | AK13: SGST
A14: Opening Balance | B14: 0 | C14: 0 | D14: 0 | E14: =B18 -> 0 | F14: =C18 -> 0 | G14: =D18 -> 0 | H14: =E18 -> 0 | I14: =F18 -> 0 | J14: =G18 -> 0 | K14: =H18 -> 0 | L14: =I18 -> 0 | ... AK14: =AH18 -> 0
A15: Input GST | B15: =Purchase!C23 -> 0 | C15: =Purchase!D23 -> 0 | D15: =Purchase!E23 -> 0 | E15: =Purchase!G23 -> 0 | F15: =Purchase!H23 -> 0 | G15: =Purchase!I23 -> 0 | H15: =Purchase!K23 -> 0 | I15: =Purchase!L23 -> 0 | J15: =Purchase!M23 -> 0 | K15: =Purchase!O23 -> 0 | L15: =Purchase!P23 -> 0 | M15: =Purchase!Q23 -> 0 | N15: =Purchase!S23 -> 0 | O15: =Purchase!T23 -> 0 | P15: =Purchase!U23 -> 0 | Q15: =Purchase!W23 -> 0 | R15: =Purchase!X23 -> 0 | S15: =Purchase!Y23 -> 0 | T15: =Purchase!AA23 -> 0 | U15: =Purchase!AB23 -> 0 | V15: =Purchase!AC23 -> 0 | W15: =Purchase!AE23 -> 0 | X15: =Purchase!AF23 -> 0 | Y15: =Purchase!AG23 -> 0 | Z15: =Purchase!AI23 -> 0 | AA15: =Purchase!AJ23 -> 0 | AB15: =Purchase!AK23 -> 0 | AC15: =Purchase!AM23 -> 0 | AD15: =Purchase!AN23 -> 0 | AE15: =Purchase!AO23 -> 0 | AF15: =Purchase!AQ23 -> 0 | AG15: =Purchase!AR23 -> 0 | AH15: =Purchase!AS23 -> 0 | AI15: =Purchase!AU23 -> 0 | AJ15: =Purchase!AV23 -> 0 | AK15: =Purchase!AW23 -> 0
A16: Available ITC | B16: =SUM(B14:B15) -> 0 | C16: =SUM(C14:C15) -> 0 | D16: =SUM(D14:D15) -> 0 | E16: =SUM(E14:E15) -> 0 | F16: =SUM(F14:F15) -> 0 | G16: =SUM(G14:G15) -> 0 | H16: =SUM(H14:H15) -> 0 | I16: =SUM(I14:I15) -> 0 | ... AK16: =SUM(AK14:AK15) -> 0
A17: Credit Utilized: | B17: =SUM(B4:D4) -> 0 | C17: =B5+C5 -> 0 | D17: =B6+D6 -> 0 | E17: =SUM(E4:G4) -> 0 | F17: =E5+F5 -> 0 | G17: =E6+G6 -> 0 | H17: =SUM(H4:J4) -> 0 | I17: =H5+I5 -> 0 | J17: =H6+J6 -> 0 | K17: =SUM(K4:M4) -> 0 | L17: =K5+L5 -> 0 | M17: =K6+M6 -> 0 | N17: =SUM(N4:P4) -> 0 | O17: =N5+O5 -> 0 | P17: =N6+P6 -> 0 | Q17: =SUM(Q4:S4) -> 0 | R17: =Q5+R5 -> 0 | S17: =Q6+S6 -> 0 | T17: =SUM(T4:V4) -> 0 | U17: =T5+U5 -> 0 | V17: =T6+V6 -> 0 | W17: =SUM(W4:Y4) -> 0 | X17: =W5+X5 -> 0 | Y17: =W6+Y6 -> 0 | Z17: =SUM(Z4:AB4) -> 0 | AA17: =Z5+AA5 -> 0 | AB17: =Z6+AB6 -> 0 | AC17: =SUM(AC4:AE4) -> 0 | AD17: =AC5+AD5 -> 0 | AE17: =AC6+AE6 -> 0 | AF17: =SUM(AF4:AH4) -> 0 | AG17: =AF5+AG5 -> 0 | AH17: =AF6+AH6 -> 0 | AI17: =SUM(AI4:AK4) -> 0 | AJ17: =AI5+AJ5 -> 0 | AK17: =AI6+AK6 -> 0
A18: Closing Balance | B18: =B16-B17 -> 0 | C18: =C16-C17 -> 0 | D18: =D16-D17 -> 0 | E18: =E16-E17 -> 0 | F18: =F16-F17 -> 0 | G18: =G16-G17 -> 0 | H18: =H16-H17 -> 0 | I18: =I16-I17 -> 0 | ... AK18: =AK16-AK17 -> 0
A20: Cash Ledger Balance | B20: IGST | C20: CGST | D20: SGST | E20: IGST | F20: CGST | G20: SGST | H20: IGST | I20: CGST | J20: SGST | K20: IGST | L20: CGST | M20: SGST | N20: IGST | O20: CGST | P20: SGST | Q20: IGST | R20: CGST | S20: SGST | T20: IGST | U20: CGST | V20: SGST | W20: IGST | X20: CGST | Y20: SGST | Z20: IGST | AA20: CGST | AB20: SGST | AC20: IGST | AD20: CGST | AE20: SGST | AF20: IGST | AG20: CGST | AH20: SGST | AI20: IGST | AJ20: CGST | AK20: SGST
A21: Opening Balance | B21: 0 | C21: 0 | D21: 0 | E21: =B24 -> 0 | F21: =C24 -> 0 | G21: =D24 -> 0 | H21: =E24 -> 0 | I21: =F24 -> 0 | J21: =G24 -> 0 | K21: =H24 -> 0 | L21: =I24 -> 0 | ... AK21: =AH24 -> 0
A22: Paid | H22: 0 | L22: 0 | M22: 0
A23: Utilized | L23: 0 | M23: 0
A24: Closing Balance | B24: =B21+B22-B23 -> 0 | C24: =C21+C22-C23 -> 0 | D24: =D21+D22-D23 -> 0 | E24: =E21+E22-E23 -> 0 | F24: =F21+F22-F23 -> 0 | G24: =G21+G22-G23 -> 0 | H24: =H21+H22-H23 -> 0 | I24: =I21+I22-I23 -> 0 | ... AK24: =AK21+AK22-AK23 -> 0

Sheet Consolidated_Sales 
A1: As per Book | H1: As Per Return/Workings | M1: Difference
A2: Month | B2: Net Sales | C2: IGST | D2: CGST | E2: SGST | G2: Net Sales | H2: IGST | I2: CGST | J2: SGST | L2: Net Sales | M2: IGST | N2: CGST | O2: SGST
A3: April | B3: =Sales!B26 -> 0 | C3: =Sales!C26 -> 0 | D3: =Sales!D26 -> 0 | E3: =Sales!E26 -> 0 | G3: =Sales!B36 -> 0 | H3: =Sales!C36 -> 0 | I3: =Sales!D36 -> 0 | J3: =Sales!E36 -> 0 | L3: =B3-G3 -> 0 | M3: =C3-H3 -> 0 | N3: =D3-I3 -> 0 | O3: =E3-J3 -> 0
A4: May | B4: =Sales!F26 -> 0 | C4: =Sales!G26 -> 0 | D4: =Sales!H26 -> 0 | E4: =Sales!I26 -> 0 | G4: =Sales!F36 -> 0 | H4: =Sales!G36 -> 0 | I4: =Sales!H36 -> 0 | J4: =Sales!I36 -> 0 | L4: =B4-G4 -> 0 | M4: =C4-H4 -> 0 | N4: =D4-I4 -> 0 | O4: =E4-J4 -> 0
A5: June | B5: =Sales!J26 -> 0 | C5: =Sales!K26 -> 0 | D5: =Sales!L26 -> 0 | E5: =Sales!M26 -> 0 | G5: =Sales!J36 -> 0 | H5: =Sales!K36 -> 0 | I5: =Sales!L36 -> 0 | J5: =Sales!M36 -> 0 | L5: =B5-G5 -> 0 | M5: =C5-H5 -> 0 | N5: =D5-I5 -> 0 | O5: =E5-J5 -> 0
A6: July | B6: =Sales!N26 -> 0 | C6: =Sales!O26 -> 0 | D6: =Sales!P26 -> 0 | E6: =Sales!Q26 -> 0 | G6: =Sales!N36 -> 0 | H6: =Sales!O36 -> 0 | I6: =Sales!P36 -> 0 | J6: =Sales!Q36 -> 0 | L6: =B6-G6 -> 0 | M6: =C6-H6 -> 0 | N6: =D6-I6 -> 0 | O6: =E6-J6 -> 0
A7: August | B7: =Sales!R26 -> 0 | C7: =Sales!S26 -> 0 | D7: =Sales!T26 -> 0 | E7: =Sales!U26 -> 0 | G7: =Sales!R36 -> 0 | H7: =Sales!S36 -> 0 | I7: =Sales!T36 -> 0 | J7: =Sales!U36 -> 0 | L7: =B7-G7 -> 0 | M7: =C7-H7 -> 0 | N7: =D7-I7 -> 0 | O7: =E7-J7 -> 0
A8: September | B8: =Sales!V26 -> 0 | C8: =Sales!W26 -> 0 | D8: =Sales!X26 -> 0 | E8: =Sales!Y26 -> 0 | G8: =Sales!V36 -> 0 | H8: =Sales!W36 -> 0 | I8: =Sales!X36 -> 0 | J8: =Sales!Y36 -> 0 | L8: =B8-G8 -> 0 | M8: =C8-H8 -> 0 | N8: =D8-I8 -> 0 | O8: =E8-J8 -> 0
A9: October | B9: =Sales!Z26 -> 0 | C9: =Sales!AA26 -> 0 | D9: =Sales!AB26 -> 0 | E9: =Sales!AC26 -> 0 | G9: =Sales!Z36 -> 0 | H9: =Sales!AA36 -> 0 | I9: =Sales!AB36 -> 0 | J9: =Sales!AC36 -> 0 | L9: =B9-G9 -> 0 | M9: =C9-H9 -> 0 | N9: =D9-I9 -> 0 | O9: =E9-J9 -> 0
A10: November | B10: =Sales!AD26 -> 0 | C10: =Sales!AE26 -> 0 | D10: =Sales!AF26 -> 0 | E10: =Sales!AG26 -> 0 | G10: =Sales!AD36 -> 0 | H10: =Sales!AE36 -> 0 | I10: =Sales!AF36 -> 0 | J10: =Sales!AG36 -> 0 | L10: =B10-G10 -> 0 | M10: =C10-H10 -> 0 | N10: =D10-I10 -> 0 | O10: =E10-J10 -> 0
A11: December | B11: =Sales!AH26 -> 0 | C11: =Sales!AI26 -> 0 | D11: =Sales!AJ26 -> 0 | E11: =Sales!AK26 -> 0 | G11: =Sales!AH36 -> 0 | H11: =Sales!AI36 -> 0 | I11: =Sales!AJ36 -> 0 | J11: =Sales!AK36 -> 0 | L11: =B11-G11 -> 0 | M11: =C11-H11 -> 0 | N11: =D11-I11 -> 0 | O11: =E11-J11 -> 0
A12: January | B12: =Sales!AL26 -> 0 | C12: =Sales!AM26 -> 0 | D12: =Sales!AN26 -> 0 | E12: =Sales!AO26 -> 0 | G12: =Sales!AL36 -> 0 | H12: =Sales!AM36 -> 0 | I12: =Sales!AN36 -> 0 | J12: =Sales!AO36 -> 0 | L12: =B12-G12 -> 0 | M12: =C12-H12 -> 0 | N12: =D12-I12 -> 0 | O12: =E12-J12 -> 0
A13: February | B13: =Sales!AP26 -> 0 | C13: =Sales!AQ26 -> 0 | D13: =Sales!AR26 -> 0 | E13: =Sales!AS26 -> 0 | G13: =Sales!AP36 -> 0 | H13: =Sales!AQ36 -> 0 | I13: =Sales!AR36 -> 0 | J13: =Sales!AS36 -> 0 | L13: =B13-G13 -> 0 | M13: =C13-H13 -> 0 | N13: =D13-I13 -> 0 | O13: =E13-J13 -> 0
A14: March | B14: =Sales!AT26 -> 0 | C14: =Sales!AU26 -> 0 | D14: =Sales!AV26 -> 0 | E14: =Sales!AW26 -> 0 | G14: =Sales!AT36 -> 0 | H14: =Sales!AU36 -> 0 | I14: =Sales!AV36 -> 0 | J14: =Sales!AW36 -> 0 | L14: =B14-G14 -> 0 | M14: =C14-H14 -> 0 | N14: =D14-I14 -> 0 | O14: =E14-J14 -> 0
A15: Total | B15: =SUM(B3:B14) -> 0 | C15: =SUM(C3:C14) -> 0 | D15: =SUM(D3:D14) -> 0 | E15: =SUM(E3:E14) -> 0 | G15: =SUM(G3:G14) -> 0 | H15: =SUM(H3:H14) -> 0 | I15: =SUM(I3:I14) -> 0 | J15: =SUM(J3:J14) -> 0 | L15: =SUM(L3:L14) -> 0 | M15: =SUM(M3:M14) -> 0 | N15: =SUM(N3:N14) -> 0 | O15: =SUM(O3:O14) -> 0

Sheet Consolidated_Purchase
A2: As per Book | H2: As Per Return/Workings | M2: Difference
A3: Month | B3: GST Net Purchases | C3: IGST | D3: CGST | E3: SGST | G3: GST Net Purchases | H3: IGST | I3: CGST | J3: SGST | L3: GST Net Purchases | M3: IGST | N3: CGST | O3: SGST
A4: April | B4: =Purchase!B23 -> 0 | C4: =Purchase!C23 -> 0 | D4: =Purchase!D23 -> 0 | E4: =Purchase!E23 -> 0 | G4: =Purchase!B29 -> 0 | H4: =Purchase!C29 -> 0 | I4: =Purchase!D29 -> 0 | J4: =Purchase!E29 -> 0 | L4: =B4-G4 -> 0 | M4: =C4-H4 -> 0 | N4: =D4-I4 -> 0 | O4: =E4-J4 -> 0
A5: May | B5: =Purchase!F23 -> 0 | C5: =Purchase!G23 -> 0 | D5: =Purchase!H23 -> 0 | E5: =Purchase!I23 -> 0 | G5: =Purchase!F29 -> 0 | H5: =Purchase!G29 -> 0 | I5: =Purchase!H29 -> 0 | J5: =Purchase!I29 -> 0 | L5: =B5-G5 -> 0 | M5: =C5-H5 -> 0 | N5: =D5-I5 -> 0 | O5: =E5-J5 -> 0
A6: June | B6: =Purchase!J23 -> 0 | C6: =Purchase!K23 -> 0 | D6: =Purchase!L23 -> 0 | E6: =Purchase!M23 -> 0 | G6: =Purchase!J29 -> 0 | H6: =Purchase!K29 -> 0 | I6: =Purchase!L29 -> 0 | J6: =Purchase!M29 -> 0 | L6: =B6-G6 -> 0 | M6: =C6-H6 -> 0 | N6: =D6-I6 -> 0 | O6: =E6-J6 -> 0
A7: July | B7: =Purchase!N23 -> 0 | C7: =Purchase!O23 -> 0 | D7: =Purchase!P23 -> 0 | E7: =Purchase!Q23 -> 0 | G7: =Purchase!N29 -> 0 | H7: =Purchase!O29 -> 0 | I7: =Purchase!P29 -> 0 | J7: =Purchase!Q29 -> 0 | L7: =B7-G7 -> 0 | M7: =C7-H7 -> 0 | N7: =D7-I7 -> 0 | O7: =E7-J7 -> 0
A8: August | B8: =Purchase!R23 -> 0 | C8: =Purchase!S23 -> 0 | D8: =Purchase!T23 -> 0 | E8: =Purchase!U23 -> 0 | G8: =Purchase!R29 -> 0 | H8: =Purchase!S29 -> 0 | I8: =Purchase!T29 -> 0 | J8: =Purchase!U29 -> 0 | L8: =B8-G8 -> 0 | M8: =C8-H8 -> 0 | N8: =D8-I8 -> 0 | O8: =E8-J8 -> 0
A9: September | B9: =Purchase!V23 -> 0 | C9: =Purchase!W23 -> 0 | D9: =Purchase!X23 -> 0 | E9: =Purchase!Y23 -> 0 | G9: =Purchase!V29 -> 0 | H9: =Purchase!W29 -> 0 | I9: =Purchase!X29 -> 0 | J9: =Purchase!Y29 -> 0 | L9: =B9-G9 -> 0 | M9: =C9-H9 -> 0 | N9: =D9-I9 -> 0 | O9: =E9-J9 -> 0
A10: October | B10: =Purchase!Z23 -> 0 | C10: =Purchase!AA23 -> 0 | D10: =Purchase!AB23 -> 0 | E10: =Purchase!AC23 -> 0 | G10: =Purchase!Z29 -> 0 | H10: =Purchase!AA29 -> 0 | I10: =Purchase!AB29 -> 0 | J10: =Purchase!AC29 -> 0 | L10: =B10-G10 -> 0 | M10: =C10-H10 -> 0 | N10: =D10-I10 -> 0 | O10: =E10-J10 -> 0
A11: November | B11: =Purchase!AD23 -> 0 | C11: =Purchase!AE23 -> 0 | D11: =Purchase!AF23 -> 0 | E11: =Purchase!AG23 -> 0 | G11: =Purchase!AD29 -> 0 | H11: =Purchase!AE29 -> 0 | I11: =Purchase!AF29 -> 0 | J11: =Purchase!AG29 -> 0 | L11: =B11-G11 -> 0 | M11: =C11-H11 -> 0 | N11: =D11-I11 -> 0 | O11: =E11-J11 -> 0
A12: December | B12: =Purchase!AH23 -> 0 | C12: =Purchase!AI23 -> 0 | D12: =Purchase!AJ23 -> 0 | E12: =Purchase!AK23 -> 0 | G12: =Purchase!AH29 -> 0 | H12: =Purchase!AI29 -> 0 | I12: =Purchase!AJ29 -> 0 | J12: =Purchase!AK29 -> 0 | L12: =B12-G12 -> 0 | M12: =C12-H12 -> 0 | N12: =D12-I12 -> 0 | O12: =E12-J12 -> 0
A13: January | B13: =Purchase!AL23 -> 0 | C13: =Purchase!AM23 -> 0 | D13: =Purchase!AN23 -> 0 | E13: =Purchase!AO23 -> 0 | G13: =Purchase!AL29 -> 0 | H13: =Purchase!AM29 -> 0 | I13: =Purchase!AN29 -> 0 | J13: =Purchase!AO29 -> 0 | L13: =B13-G13 -> 0 | M13: =C13-H13 -> 0 | N13: =D13-I13 -> 0 | O13: =E13-J13 -> 0
A14: February | B14: =Purchase!AP23 -> 0 | C14: =Purchase!AQ23 -> 0 | D14: =Purchase!AR23 -> 0 | E14: =Purchase!AS23 -> 0 | G14: =Purchase!AP29 -> 0 | H14: =Purchase!AQ29 -> 0 | I14: =Purchase!AR29 -> 0 | J14: =Purchase!AS29 -> 0 | L14: =B14-G14 -> 0 | M14: =C14-H14 -> 0 | N14: =D14-I14 -> 0 | O14: =E14-J14 -> 0
A15: March | B15: =Purchase!AT23 -> 0 | C15: =Purchase!AU23 -> 0 | D15: =Purchase!AV23 -> 0 | E15: =Purchase!AW23 -> 0 | G15: =Purchase!AT29 -> 0 | H15: =Purchase!AU29 -> 0 | I15: =Purchase!AV29 -> 0 | J15: =Purchase!AW29 -> 0 | L15: =B15-G15 -> 0 | M15: =C15-H15 -> 0 | N15: =D15-I15 -> 0 | O15: =E15-J15 -> 0
A16: Total | B16: =SUM(B4:B15) -> 0 | C16: =SUM(C4:C15) -> 0 | D16: =SUM(D4:D15) -> 0 | E16: =SUM(E4:E15) -> 0 | G16: =SUM(G4:G15) -> 0 | H16: =SUM(H4:H15) -> 0 | I16: =SUM(I4:I15) -> 0 | J16: =SUM(J4:J15) -> 0 | L16: =SUM(L4:L15) -> 0 | M16: =SUM(M4:M15) -> 0 | N16: =SUM(N4:N15) -> 0 | O16: =SUM(O4:O15) -> 0
